Unix NetHack Version 3.7.0-94 Work-in-progress - last build Dec 18 2023 00:11:04 (7e3deff068b9ef4f2ebb9a71ea0f5c4a3b578a14,branch:master). Game began 2023-12-31 09:14:42, ended 2023-12-31 10:06:01. playerb, chaotic male orcish Wizard -`-- --`..-- ####...^...# # --...--# ### --`--## # --- # --.-- #### # |...-f# ## |...| #----- |@..| #....+ ----- |..<| ----- Playerb the Evoker St:10 Dx:17 Co:15 In:16 Wi:7 Ch:11 Chaotic S:224 Dlvl:4 $:38 HP:0(11) Pw:3(8) AC:8 Xp:1/9 T:1016 Latest messages: What do you want to use or apply? [clmn or ?*] a Sorry, I don't know how to use that. The 'F' prefix should be followed by a movement command other than up or down. You can't go down here. Where do you want to travel to? (For instructions type a '?') The kitten picks up a rock. You hear bubbling water. You descend the stairs. The kitten bites the yellow mold. The kitten bites the yellow mold. The yellow mold is killed! Pick an object. You swap places with your kitten. You swap places with your kitten. The kitten misses it. The kitten bites it. It misses the kitten. The kitten misses it. The kitten bites it. You swap places with your kitten. You find a rolling boulder trap. With great effort you move the boulder. Click! You trigger a rolling boulder trap! Fortunately for you, no boulder was released. In what direction? l You kick an orange gem. Click! You trigger a rolling boulder trap! Fortunately for you, no boulder was released. You find a hidden door. This door is locked. This door is locked. In what direction? h As you kick the door, it crashes open! Click! The kitten triggers a rolling boulder trap. The boulder misses the kitten. The door opens. The bat bites! The bat bites! In what direction? h The spell hits the bat! You kill the bat! You see here 10 darts. w - 10 darts. Pick an object. There are several objects here. An arrow shoots out at you! You are hit by an arrow. You die... Do you want your possessions identified? [ynq] (y) q Inventory: Coins $ - 38 gold pieces Weapons w - 10 blessed +0 darts p - a cursed -2 orcish dagger a - a blessed +1 quarterstaff (weapon in hands) Armor o - an uncursed +0 orcish helm (being worn) b - an uncursed +0 cloak of magic resistance (being worn) Comestibles t - an uncursed slime mold r - an uncursed food ration Scrolls i - an uncursed scroll of enchant weapon j - a blessed scroll of identify k - an uncursed scroll of light q - an uncursed scroll of teleportation Spellbooks l - a blessed spellbook of force bolt m - an uncursed spellbook of sleep Potions f - an uncursed potion of extra healing g - an uncursed potion of gain energy h - a blessed potion of healing u - an uncursed potion of sleeping Rings d - an uncursed +4 ring of gain strength s - an uncursed ring of polymorph control e - an uncursed +3 ring of protection Wands c - a wand of cancellation (0:6) Tools n - a magic marker (0:22) Playerb the Wizard's attributes: Background: You were an Evoker, a level 1 male orcish Wizard. You were chaotic, nominally on a mission for Anhur who was opposed by Ptah (lawful) and Thoth (neutral). You were right-handed. You were in the Dungeons of Doom, on level 4. You entered the dungeon 1016 turns ago. You had 9 experience points, 11 more were needed to attain level 2. Your score was 224 before end-of-game adjustments. Basics: You had 0 out of 11 hit points. You had 3 out of 8 energy points (spell power). Your armor class was 8. Your wallet contained 38 zorkmids. Autopickup was off. Final Characteristics: Your strength was 10 (limit:18/50). Your dexterity was 17 (limit:18). Your constitution was 15 (limit:18). Your intelligence was 16 (limit:16). Your wisdom was 7 (limit:16). Your charisma was 11 (limit:16). Final Status: You weren't hungry. You were unencumbered. You were wielding a quarterstaff. You had basic skill with quarterstaff. Final Attributes: You were fervently aligned. You were magic-protected. You were poison resistant. You had infravision. You were warded. You are dead. Miscellaneous: You never encountered a bones level. Total elapsed playing time was 10 minutes and 8 seconds. Major events: Turn 1: playerb the chaotic male orcish Wizard entered the dungeon 551: entered the Gnomish Mines 1016: killed by an arrow Vanquished creatures: 2 yellow molds a gnome 2 geckos a jackal a goblin a bat 2 lichens a kobold zombie 2 newts 13 creatures vanquished. No species were genocided or became extinct. Voluntary challenges: You were an atheist. You were illiterate. You never engraved Elbereth. You never genocided any monsters. You never polymorphed an object. You never changed form. You used no wishes. Achievement: You entered the Gnomish Mines. The Dungeons of Doom: levels 1 to 4 Level 1: A fountain. Level 2: A fountain. Level 3: Some fountains. Stairs down to The Gnomish Mines. Level 4: <- You were here. Final resting place for you, killed by an arrow. The Gnomish Mines: Level 4: Game over: ---------- / \ / REST \ / IN \ / PEACE \ / \ | playerb | | 38 Au | | killed by an | | arrow | | | | | | 2023 | *| * * * | * _________)/\\_//(\/(/\)/\//\/|_)_______ Goodbye playerb the Wizard... You died in The Dungeons of Doom on dungeon level 4 with 221 points, and 38 pieces of gold, after 1016 moves. You were level 1 with a maximum of 11 hit points when you died.